 Dungeon Crawl Stone Soup version 0.23-a0-767-gdc19b93d68 (webtiles) character file.

98 Infinimo the Magician (level 4, -12/30 HPs)
             Began as a Mummy Fire Elementalist on Jan 28, 2019.
             Mangled by Sigmund
             ... wielding a +0 scythe
              (14 damage)
             ... on level 2 of the Dungeon.
             The game lasted 00:04:19 (3431 turns).

Infinimo the Magician (Mummy Fire Elementalist)     Turns: 3431, Time: 00:04:19

Health: -12/30     AC:  4    Str: 11    XL:     4   Next: 43%
Magic:  2/9        EV: 12    Int: 15    God:
Gold:   155        SH:  0    Dex: 12    Spells: 6/10 levels left

rFire    x . .     SeeInvis .   (no weapon)
rCold    + . .     Gourm    .   (no shield)
rNeg     + + +     Faith    .   a - +1 robe
rPois    ∞         Spirit   .   g - +0 helmet
rElec    .         Reflect  .   (no cloak)
rCorr    .         Harm     .   (no gloves)
MR       .....                  (no boots)
Stlth    ++........             (no amulet)
HPRegen  0.10/turn              (no ring)
MPRegen  0.11/turn              (no ring)

@: no status effects
A: no food or potions, fire vulnerability, cold resistance 1, negative energy
resistance 3, torment resistance, unbreathing
a: no special abilities


You were on level 2 of the Dungeon.
You were not hungry.

You visited 1 branch of the dungeon, and saw 2 of its levels.

You collected 155 gold pieces.

Inventory:

Armour
 a - a +1 robe (worn)
 g - a +0 helmet (worn)
Jewellery
 f - a +2 ring of dexterity {unknown}
 i - an uncursed amulet of magic regeneration {unknown}
 j - an uncursed ring of wizardry {unknown}
 k - a cursed ring of teleportation {unknown}
Scrolls
 b - 2 scrolls of amnesia
 d - a scroll of enchant weapon {unknown}
 e - a scroll of immolation {unknown}
 h - 3 scrolls of identify {unknown}


   Skills:
 - Level 1.5 Dodging
 - Level 1.5 Stealth
 + Level 3.5 Spellcasting
 * Level 2.2 Conjurations
 * Level 3.3 Fire Magic


You had 6 spell levels left.
You knew the following spells:

 Your Spells              Type           Power        Failure   Level  Hunger
a - Flame Tongue          Conj/Fire      ##...        6%          1    N/A
b - Conjure Flame         Conj/Fire      ##......     19%         3    N/A

Your spell library contained the following spells:

 Spells                   Type           Power        Failure   Level  Hunger
 Throw Flame              Conj/Fire      ##....       9%          2    N/A
 Inner Flame              Hex/Fire       #.......     28%         3    N/A
 Sticky Flame             Conj/Fire      ##......     52%         4    N/A
 Fireball                 Conj/Fire      ##........   86%         5    N/A

Dungeon Overview and Level Annotations

Branches:
Dungeon (2/15)

Altars:

Annotations:
D:2 Sigmund


Innate Abilities, Weirdness & Mutations

You do not eat or drink.
Your flesh is vulnerable to fire.
You are immune to poison.
Your flesh is cold resistant. (rC+)
You are immune to negative energy. (rN+++)
You are immune to unholy pain and torment.
You can survive without breathing.


Message History

Deactivating autopickup; reactivate with Ctrl-A.
You are confused.
A magic dart appears from out of thin air!
The magic dart hits you!
You bump into the rock wall.
You bump into the rock wall.
You bump into the rock wall.
You bump into the rock wall.
You feel less confused.
As you read the scroll labeled VEDIXE MYUKA, it crumbles to dust.
It is a scroll of amnesia.
Okay, then.
Something hits you!
* * * LOW HITPOINT WARNING * * *
Unknown command.
Unknown command.
As you read the scroll labeled XUYGYU TAEME, it crumbles to dust.
It is a scroll of enchant armour.
Your +0 robe glows green for a moment.
Something hits you!
You die...

#.#<.## #.#.....
#.....######......<
#.....'.........>..
#.^...############.
#.....# ####......
#....[# #.@.@###..
#.##### #.#### #..
#.########.########
#.@.{......#.......
############.######
#(...... ########


There were no monsters in sight!

Vanquished Creatures
  2 adders
  3 oozes
  2 worms (D:2)
  2 dart slugs
  A leopard gecko (D:2)
  3 giant cockroaches
  7 goblins
  7 hobgoblins
  9 kobolds
  A ball python (D:2)
  7 bats
  2 frilled lizards
  6 rats
52 creatures vanquished.

Notes
Turn   | Place    | Note
-------+----------+-------------------------------------------
     0 | D:1      | Infinimo the Mummy Fire Elementalist began the quest for
                  | the Orb.
     0 | D:1      | Reached XP level 1. HP: 13/13 MP: 4/4
   263 | D:1      | Reached skill level 1 in Conjurations
   283 | D:1      | Reached XP level 2. HP: 16/19 MP: 0/5
   810 | D:1      | Reached XP level 3. HP: 24/24 MP: 3/7
  1200 | D:1      | Learned a level 3 spell: Conjure Flame
  2074 | D:2      | Reached XP level 4. HP: 29/30 MP: 5/9
  2330 | D:2      | Noticed Sigmund
  3431 | D:2      | Mangled by Sigmund

Vault maps used:
D:1:      erik_arrival_gehennom, minmay_tromino_v4_b
D:2:      first_ration, grunt_ministairs_8, uniq_sigmund

Skill      XL: |  1  2  3 |
---------------+----------+-----
Conjurations   | 1 2 |  2.2
Spellcasting   | 3 |  3.5
Fire Magic     | 3 |  3.3
Dodging        | |  1.5
Stealth        | |  1.5

Action                   |  1- 3 |  4- 6 || total
-------------------------+-------+-------++-------
Melee: Unarmed           |     8 |       ||     8
 Cast: Flame Tongue      |    81 |    46 ||   127
       Conjure Flame     |       |     5 ||     5
  Use: Scroll            |       |     2 ||     2
Armor: Robe              |    19 |     2 ||    21
Dodge: Dodged            |    75 |    17 ||    92

Table legend:
 A = Non-vault XP
 B = Vault XP
 C = Vault XP percentage of total XP
 D = Non-vault monster count
 E = Vault monster count
 F = Vault count percentage of total count
                 A         B        C        D         E       F
            +---------+---------+-------+---------+---------+-------
      Total |     119 |      21 |  15.0 |      46 |       6 |  11.5
            +---------+---------+-------+---------+---------+-------
        D:1 |      57 |      21 |  26.9 |      25 |       6 |  19.4
        D:2 |      62 |       0 |   0.0 |      21 |       0 |   0.0
            +---------+---------+-------+---------+---------+-------
